 Dungeon Crawl Stone Soup version 0.17.0-27-g4a3f43e (webtiles) character file.

18 septik the Digger (level 2, 0/15 HPs)
             Began as a Gargoyle Earth Elementalist on Nov 21, 2015.
             Slain by Terence
             ... wielding a +0 flail
              (9 damage)
             ... on level 2 of the Dungeon.
             The game lasted 00:02:25 (929 turns).

septik the Digger (Gargoyle Earth Elementalist)      Turns: 929, Time: 00:02:25

Health: 0/15       AC:  4    Str: 11    XL:     2   Next: 66%
Magic:  0/5        EV: 12    Int: 15    God:
Gold:   93         SH:  0    Dex: 10    Spells: 1 memorised, 5 levels left

rFire  . . .     SeeInvis .     (no weapon)
rCold  . . .     Clarity  .     h - +0 robe
rNeg   + . .     SustAt   .     (no shield)
rPois  ∞         Gourm    .     (no helmet)
rElec  +         Spirit   .     (no cloak)
rCorr  .         Warding  .     (no gloves)
rMut   .         Stasis   .     (no boots)
MR     .....                    (no amulet)
Stlth  ++........               (no ring)
                                (no ring)

@: not resistant to hostile enchantments, unstealthy
A: negative energy resistance 1, electricity resistance, unbreathing,
petrification resistance, rot immunity, AC +2
a: no special abilities


You were on level 2 of the Dungeon.
You were not hungry.

You visited 1 branch of the dungeon, and saw 2 of its levels.

You collected 93 gold pieces.

Inventory:

Hand Weapons
 a - a +0 whip
Missiles
 b - 64 stones (quivered)
Armour
 h - a +0 robe (worn)
Scrolls
 j - a scroll of teleportation {unknown}
 k - 2 scrolls of remove curse {unknown}
 m - 2 scrolls of identify {unknown}
Potions
 e - a potion of lignification {unknown}
 f - a potion of cancellation {unknown}
 g - a potion of agility {unknown}
 i - a potion of flight {unknown}
 l - a potion of magic {unknown}
Books
 c - a book of Geomancy

   Spells                             Type                      Level
   a - Sandblast                      Earth                        1
   b - Stoneskin                      Transmutation/Earth          2
   c - Passwall                       Transmutation/Earth          3
   d - Stone Arrow                    Conjuration/Earth            3
   e - Petrify                        Transmutation/Earth          4
   f - Lee's Rapid Deconstruction     Earth                        5
Comestibles
 d - 2 bread rations
 n - 6 chunks of flesh


   Skills:
 - Level 1.5 Dodging
 - Level 2.1 Stealth
 * Level 2.7 Spellcasting
   Level 0.7 Transmutations
 + Level 3.9 Earth Magic


You had 5 spell levels left.
You knew the following spells:

 Your Spells              Type           Power        Failure   Level  Hunger
a - Sandblast             Erth           ##....       4%          1    #......


Dungeon Overview and Level Annotations

Branches:
Dungeon (2/15)

Altars:

Annotations:
D:2 Terence


Innate Abilities, Weirdness & Mutations

You are resistant to torment.
Your stone body is resilient (AC +2).
You are immune to poison.
You resist negative energy.
You are resistant to electric shocks.
You can survive without breathing.
You are immune to petrification.
You are immune to rotting.


Message History

Aim: Terence, wielding a flail and wearing a ring mail The blast of sand hits Terence.
Terence hits you with a flail.
Casting: Sandblast
Confirm with . or Enter, or press ? or * to list all spells.
Aiming: Sandblast
Press: ? - help, Shift-Dir - straight line, f/p - Terence
Aim: Terence, wielding a flail and wearing a ring mail The blast of sand misses Terence.
Terence misses you.
Casting: Sandblast
Confirm with . or Enter, or press ? or * to list all spells.
Aiming: Sandblast
Press: ? - help, Shift-Dir - straight line, f/p - Terence
Aim: Terence, wielding a flail and wearing a ring mail The blast of sand misses Terence.
Casting: Sandblast
Confirm with . or Enter, or press ? or * to list all spells.
You don't have enough magic to cast that spell.
Terence hits you with a flail!
Ouch! That really hurt!
You die...

.#####....# .........#
#..# ### #..## #..
..###..###.# #........#.#
#####..#.#.## ##.#.@..# .
##>...@.### ..
............##########...
.########........#.......
##..####.#.###... ##..#
#...## ## #..# ###..####
##..# #.....##
.......###.##
.......###.#.


You could see Terence.

Vanquished Creatures
  A giant gecko (D:2)
  A giant cockroach (D:1)
  A hobgoblin (D:2)
  7 kobolds
  2 bats
  2 giant newts (D:1)
  3 rats
17 creatures vanquished.

Notes
Turn   | Place    | Note
--------------------------------------------------------------
     0 | D:1      | septik the Gargoyle Earth Elementalist began the quest for the Orb.
     0 | D:1      | Reached XP level 1. HP: 10/10 MP: 3/3
   493 | D:1      | Reached XP level 2. HP: 9/15 MP: 0/5
   913 | D:2      | Noticed Terence
   929 | D:2      | Slain by Terence

Action                   || total
-------------------------++-------
Melee: Unarmed           ||     1
       Whip              ||     4
 Cast: Sandblast         ||    32
